 Dungeon Crawl Stone Soup version 0.25-a0-185-g6cfeca75b2 (webtiles) character file.

Game seed: 7702555937113943173, levelgen mode: deterministic

205 Leeroy the Conjurer (level 5, -12/42 HPs)
             Began as a Draconian Conjurer on Nov 28, 2019.
             Blown up by Ijyb (20 damage)
             ... with a disintegration bolt
             ... on level 3 of the Dungeon.
             The game lasted 00:06:56 (3229 turns).

Leeroy the Conjurer (Draconian Conjurer)            Turns: 3229, Time: 00:06:57

Health: -12/42     AC:  5    Str: 10    XL:     5   Next: 52%
Magic:  4/8        EV: 12    Int: 17    God:
Gold:   104        SH:  0    Dex: 11    Spells: 1/8 levels left

rFire    . . .     SeeInvis .   r - +0 short sword (venom)
rCold    . . .     Gourm    .   (no shield)
rNeg     . . .     Faith    .   (armour unavailable)
rPois    .         Spirit   .   (helmet restricted)
rElec    .         Reflect  .   (no cloak)
rCorr    .         Harm     .   (no gloves)
MR       .....                  (no boots)
Stlth    ++........             (no amulet)
HPRegen  0.14/turn              (no ring)
MPRegen  0.11/turn              (no ring)

@: no status effects
A: unfitting armour, cold-blooded, AC +5
a: no special abilities


You were on level 3 of the Dungeon.
You were not hungry.

You visited 1 branch of the dungeon, and saw 3 of its levels.

You collected 104 gold pieces.

Inventory:

Hand Weapons
 c - a +0 short sword
 e - a +0 dagger
 m - a +0 short sword
 r - a +0 short sword of venom (weapon)
 s - a +0 falchion
 t - a +0 hand axe of flaming
Wands
 p - a wand of polymorph (9)
Scrolls
 a - a scroll of blinking {unknown}
 d - a scroll of fear {unknown}
 f - a scroll of teleportation
 g - 3 scrolls of remove curse
 k - 2 scrolls of identify {unknown}
 n - a scroll of enchant armour {unknown}
 o - a scroll of amnesia {unknown}
Potions
 h - 2 potions of curing {unknown}
 i - 2 potions of might {unknown}
 j - a potion of ambrosia
 l - a potion of degeneration {unknown}
 q - a potion of berserk rage {unknown}
 v - a potion of flight {unknown}
Comestibles
 b - 4 rations
 u - 5 chunks of flesh


   Skills:
 + Level 2.5 Fighting
 - Level 1.7 Dodging
 - Level 1.7 Stealth
 - Level 2.0 Spellcasting
 - Level 6.3 Conjurations


You had one spell level left.
You knew the following spells:

 Your Spells              Type           Power        Failure   Level  Hunger
a - Magic Dart            Conj           ###.         1%          1    #......
b - Searing Ray           Conj           ###...       2%          2    ###....
c - Iskenderun's Mystic   Conj           ###.....     14%         4    #####..

Your spell library contained the following spells:

 Spells                   Type           Power        Failure   Level  Hunger
 Dazzling Spray           Conj/Hex       ##....       16%         3    ###....
 Force Lance              Conj/Tloc      ##......     45%         4    #####..
 Fulminant Prism          Conj/Hex       ##........   45%         4    #####..


Dungeon Overview and Level Annotations

Branches:
Dungeon (3/15)

Altars:

Annotations:
D:3 Ijyb


Innate Abilities, Weirdness & Mutations

Your plain brown scales are hard. (AC +5)
You cannot fit into any form of body armour.
You are cold-blooded and may be slowed by cold attacks.


Message History

Ijyb is moderately wounded.
Ijyb closely misses you.
You barely miss Ijyb.
Your tail-slap misses Ijyb.
Ijyb is moderately wounded.
Ijyb zaps a wand.
You are blasted!
* * * LOW HITPOINT WARNING * * *
Unknown command.
You hit Ijyb.
Ijyb is poisoned.
Ijyb is moderately wounded.
Ijyb closely misses you.
You hit Ijyb.
Ijyb looks as sick as possible!
Ijyb is heavily wounded.
Ijyb hits you but does no damage.
An orc comes into view. It is wielding a +0 short sword.
The orc shouts!
You hit Ijyb.
Ijyb looks as sick as possible!
You tail-slap Ijyb, but do no damage.
Ijyb is almost dead.
Ijyb zaps a wand.
You are blasted!
You die...

..o...##......##.. #..
..#.......##..
##g##....###..##.#
..........#..##.#
.#...o.##.#.....#
#........#..####
.#########.....####.####
........goo.............
######.@##.##...###[###.
#..##.##.......).#.
#..##.####.....#...
#[.##.####..†......
#..##.......(......
#..######.#.....#.. #...
#.....#..... #.##
#..#........
#..##...#.##


You could see Ijyb and 3 orcs.

Vanquished Creatures
  A bullfrog (D:2)
  5 adders
  An ooze (D:1)
  5 worms
  2 dart slugs (D:1)
  A leopard gecko (D:2)
  4 orcs (D:3)
  7 bats
  2 giant cockroaches
  13 goblins
  6 hobgoblins
  A quokka (D:3)
  5 ball pythons
  2 frilled lizards
  7 kobolds
  10 rats
72 creatures vanquished.

Notes
Turn   | Place    | Note
-------+----------+-------------------------------------------
     0 | D:1      | Leeroy the Draconian Conjurer began the quest for the Orb.
     0 | D:1      | Reached XP level 1. HP: 14/14 MP: 3/3
   134 | D:1      | Reached XP level 2. HP: 19/20 MP: 5/5
   693 | D:1      | Reached skill level 5 in Conjurations
   725 | D:1      | Reached XP level 3. HP: 26/26 MP: 6/6
  1376 | D:2      | Noticed a bullfrog
  1393 | D:2      | Killed a bullfrog
  1393 | D:2      | Reached skill level 6 in Conjurations
  1393 | D:2      | Reached XP level 4. HP: 8/33 MP: 4/7
  1397 | D:2      | Learned a level 2 spell: Searing Ray
  1402 | D:2      | Learned a level 4 spell: Iskenderun's Mystic Blast
  1692 | D:2      | Reached XP level 5. HP: 17/39 MP: 5/8
  2094 | D:2      | Reached skill level 1 in Fighting
  2851 | D:2      | Found a faded altar of an unknown god.
  3215 | D:3      | Noticed Ijyb
  3229 | D:3      | Blown up by Ijyb

Levels and vault maps discovered:
D:1:      tarquinn_simple_flora_water_f, layout_loops_ring, st_stairs_6
D:2:      minmay_spotlight, layout_basic, chequers_ecumenical_altar_lobes
D:3:      layout_basic, st_stairs_3, mrwooster_statue_mirror, uniq_ijyb

Skill      XL: |  1  2  3  4  5 |
---------------+----------------+-----
Conjurations   | 5 6 |  6.3
Fighting       | 2 |  2.5
Dodging        | |  1.7
Stealth        | |  1.7
Spellcasting   | |  2.0

Action                   |  1- 3 |  4- 6 || total
-------------------------+-------+-------++-------
Melee: Short sword       |   136 |   104 ||   240
       Unarmed           |     4 |       ||     4
       Tailslap          |     7 |    12 ||    19
 Cast: Magic Dart        |     1 |     4 ||     5
       Searing Ray       |       |     8 ||     8
       Iskenderun's Myst |       |     1 ||     1
  Use: Potion            |       |     1 ||     1
       Scroll            |       |     2 ||     2
 Stab: Sleeping          |     3 |     1 ||     4
  Eat: Chunk             |     2 |     6 ||     8
Armor: Skin              |    43 |    37 ||    80
Dodge: Dodged            |   106 |    66 ||   172

Table legend:
 A = Non-vault XP
 B = Vault XP
 C = Vault XP percentage of total XP
 D = Non-vault monster count
 E = Vault monster count
 F = Vault count percentage of total count
                 A         B        C        D         E       F
            +---------+---------+-------+---------+---------+-------
      Total |     275 |      18 |   6.1 |      66 |       6 |   8.3
            +---------+---------+-------+---------+---------+-------
        D:1 |      49 |       4 |   7.5 |      26 |       2 |   7.1
        D:2 |     185 |      14 |   7.0 |      29 |       4 |  12.1
        D:3 |      41 |       0 |   0.0 |      11 |       0 |   0.0
            +---------+---------+-------+---------+---------+-------
